 Dungeon Crawl Stone Soup version 0.30-a0-782-ge64f9170bb (webtiles) character file.

Game seed: 6677926994219377319

651 inmateoo the Chopper (level 7, -2/61 HPs)
             Began as a Minotaur Fighter on Mar 9, 2023.
             Was an Initiate of Okawaru.
             Slain by Duvessa
             ... wielding a +0 short sword
              (5 damage)
             ... on level 5 of the Dungeon.
             The game lasted 00:02:55 (3432 turns).

inmateoo the Chopper (Minotaur Fighter)             Turns: 3432, Time: 00:02:55

Health: -2/61      AC:  7    Str: 23    XL:     7   Next: 28%
Magic:  7/7        EV: 10    Int:  5    God:    Okawaru [......]
Gold:   253        SH:  4    Dex:  9    Spells: 6/6 levels left

rFire   . . .      SeeInvis .    s - +3 war axe
rCold   . . .      Faith    .    c - +0 buckler
rNeg    . . .      Spirit   .    b - +0 scale mail
rPois   .          Reflect  .    (helmet restricted)
rElec   .          Harm     .    (no cloak)
rCorr   .          Rampage  .    (no gloves)
Will    .....                    (no boots) Stlth
                                 (no amulet)
HPRegen 0.30/turn                (no ring)
MPRegen 0.10/turn                (no ring)

@: mighty
A: horns 2, retaliatory headbutt
a: Renounce Religion


You were on level 5 of the Dungeon.
You worshipped Okawaru.
Okawaru was noncommittal.
You visited 2 branches of the dungeon, and saw 6 of its levels.

You collected 253 gold pieces.

Inventory:

Hand Weapons
 s - a +3 war axe (weapon)
Armour
 b - a +0 scale mail (worn)
 c - a +0 buckler (worn)
Scrolls
 a - a scroll of amnesia {unknown}
 f - a scroll of fog {unknown}
 i - 2 scrolls of teleportation {unknown}
 p - 2 scrolls of identify {unknown}
 t - a scroll of immolation {unknown}
Potions
 d - 2 potions of might
 e - 2 potions of heal wounds {unknown}
 g - a potion of lignification {unknown}
 h - a potion of brilliance {unknown}
 j - a potion of invisibility {unknown}
 k - a potion of cancellation {unknown}
 l - 3 potions of curing {unknown}
 m - 2 potions of mutation {unknown}
 n - a potion of attraction {unknown}
 o - a potion of magic {unknown}
 q - a potion of haste {unknown}
 r - a potion of berserk rage {unknown}


   Skills:
 + Level 5.3 Fighting
 * Level 5.9 Axes
 + Level 5.1 Armour
 + Level 3.1 Dodging
 + Level 5.2 Shields
 + Level 1.4 Invocations


You had 6 spell levels left.
You didn't know any spells.
Your spell library contained the following spells:

 Spells                   Type           Power      Damage    Failure   Level
 Blink                    Tloc           0%         N/A       94%         2
 Kindle Blastsparks       Fire/Tloc/Air  0%         2d10      99%         3
 Fulminant Prism          Conj/Hex       0%         3d5       100%        4
 Iskenderun's Mystic Bla  Conj/Tloc      0%         2d3       100%        4
 Manifold Assault         Tloc           0%         N/A       100%        4
 Lee's Rapid Deconstruct  Erth           0%         3d4*      100%        5
 Storm Form               Tmut/Air       0%         N/A       100%        7


Dungeon Overview and Level Annotations

Branches:
Dungeon (5/15)             Temple (1/1) D:4

Altars:
Ashenzari
Cheibriados
Gozag
Makhleb
Okawaru
Ru
Trog
Uskayaw
Wu Jian
Zin
The Shining One

Annotations:
D:5 Duvessa


Innate Abilities, Weirdness & Mutations

You have a pair of horns on your head.
You reflexively headbutt those who attack you in melee.


Message History

You kill Dowan!
Okawaru accepts your kill.
Duvessa screams in rage.
Duvessa goes berserk!
You barely miss the orc. The orc closely misses you. You furiously retaliate!
You headbutt the orc!
You kill the orc!
Okawaru accepts your kill. You block Duvessa's attack.
Duvessa hits you with a +0 short sword.
Items here: )) [[ †.
You hit Duvessa. Your headbutt misses Duvessa.
Duvessa is lightly wounded.
Duvessa hits you with a +0 short sword. Duvessa hits you but does no damage.
You hit Duvessa. You headbutt Duvessa!
Duvessa is lightly wounded.
Duvessa hits you with a +0 short sword.
You barely miss Duvessa.
Duvessa is lightly wounded.
Duvessa hits you with a +0 short sword. Duvessa hits you but does no damage.
You closely miss Duvessa. You headbutt Duvessa, but do no damage.
Duvessa is lightly wounded.
Duvessa hits you but does no damage. Duvessa hits you with a +0 short sword.
You hit Duvessa. Your headbutt misses Duvessa.
Duvessa is moderately wounded.
Duvessa hits you with a +0 short sword! x2
* * * LOW HITPOINT WARNING * * *
You are too injured to fight recklessly!
You are too injured to fight recklessly!
You feel very mighty all of a sudden. Duvessa hits you with a +0 short sword!
* * * LOW HITPOINT WARNING * * *
You slash Duvessa! Your headbutt misses Duvessa.
Duvessa is heavily wounded.
Duvessa hits you but does no damage. Duvessa closely misses you.
You hit Duvessa.
Duvessa is heavily wounded.
Duvessa hits you with a +0 short sword.
* * * LOW HITPOINT WARNING * * *
Duvessa hits you with a +0 short sword.
You die...

...############.#
.............##.#
...#########.##.####...
.......................
############.#.#####...
#.#.# #.#.#
##.#.######.##
#.....@e......
#.....######...
#..........
#.##.....### # ##....#
####.# #.# #.#


You could see Duvessa (berserk).

Vanquished Creatures
  A water moccasin (D:5)
  A phantom (D:4)
  A necrophage (D:3)
  Dowan (D:5)
  A jelly (D:5)
  An orc priest (D:4)
  An iguana (D:4)
  2 orc wizards (D:4)
  4 gnolls (D:3)
  9 adders
  An ufetubus (D:4)
  2 worms
  4 dart slugs
  8 orcs
  2 bats
  8 endoplasms
  4 giant cockroaches
  3 goblins
  3 hobgoblins
  4 jackals (D:4)
  5 quokkas
  11 ball pythons
  3 frilled lizards
  8 kobolds
  3 rats (D:3)
91 creatures vanquished.

Notes
Turn   | Place    | Note
-------+----------+-------------------------------------------
     0 | D:1      | inmateoo the Minotaur Fighter began the quest for the Orb.
     0 | D:1      | Reached XP level 1. HP: 19/19 MP: 0/0
   296 | D:1      | Reached XP level 2. HP: 27/27 MP: 1/1
   853 | D:2      | Reached skill level 1 in Dodging
   887 | D:2      | Reached XP level 3. HP: 33/33 MP: 2/2
  1133 | D:2      | Reached XP level 4. HP: 40/40 MP: 3/3
  1682 | D:3      | Noticed a necrophage
  1690 | D:3      | Killed a necrophage
  1691 | D:3      | Reached XP level 5. HP: 32/47 MP: 4/4
  1776 | D:3      | Found a broken altar of Ashenzari.
  1776 | D:3      | Found a sacrificial altar of Ru.
  2202 | D:4      | Found a hide-covered altar of Uskayaw.
  2206 | D:4      | Noticed a phantom
  2219 | D:4      | Killed a phantom
  2220 | D:4      | Reached skill level 5 in Axes
  2220 | D:4      | Reached XP level 6. HP: 44/55 MP: 5/5
  2411 | D:4      | Found a staircase to the Ecumenical Temple.
  2473 | Temple   | Entered the Ecumenical Temple
  2491 | Temple   | Became a worshipper of Warmaster Okawaru
  2654 | D:4      | Identified the +3 whip "Ywuucuxi" {freeze, Fragile rElec
                  | MP+9}
  2777 | D:4      | Reached skill level 5 in Fighting
  3076 | D:5      | Entered Level 5 of the Dungeon
  3079 | D:5      | Reached skill level 5 in Shields
  3149 | D:5      | Noticed a water moccasin
  3155 | D:5      | Killed a water moccasin
  3156 | D:5      | Reached skill level 5 in Armour
  3156 | D:5      | Reached skill level 1 in Invocations
  3156 | D:5      | Reached XP level 7. HP: 38/61 MP: 6/6
  3416 | D:5      | Noticed Dowan
  3418 | D:5      | Noticed Duvessa
  3422 | D:5      | Killed Dowan
  3432 | D:5      | HP: 3/61 [Duvessa/+0 short sword (2)]
  3432 | D:5      | Slain by Duvessa

Illustrated notes

Levels and vault maps discovered:
D:1:      saegor_arrival_under_anarchy, layout_basic, columned_hall_lemuel,
          minivault_19, minmay_misc_feat_encased
D:2:      layout_loops_ring, serial_bayou_pond_e,
          nicolae_concentric_dashed_squares_wild, nicolae_half_adder
D:3:      layout_rooms, gammafunk_temple_overflow_elements
D:4:      layout_cave_pods, mainiacjoe_overflow_brackets,
          minmay_temple_entry_trees, chequers_mini_garden, minmay_statues_item
D:5:      layout_loops_ring, general_overflow_altar, roderic_lattice_a,
          uniq_duvessa
Temple:   nicolae_temple_bog_church

Skill      XL: |  1  2  3  4  5  6 |
---------------+-------------------+-----
Axes           | 3 4 5 |  5.9
Dodging        | 1 2 3 |  3.1
Fighting       | 4 5 |  5.3
Armour         | 4 5 |  5.1
Shields        | 4 5 |  5.2
Invocations    | 1 |  1.4

Action                     |  1- 3 |  4- 6 |  7- 9 || total
---------------------------+-------+-------+-------++-------
  Melee: War axe           |    53 |   118 |    11 ||   182
         Headbutt          |     8 |    22 |     4 ||    34
    Use: Potion            |       |     1 |     1 ||     2
 Armour: Scale mail        |    25 |    62 |     4 ||    91
  Dodge: Dodged            |    21 |    67 |     3 ||    91
  Block: Buckler           |     8 |    33 |     2 ||    43

Table legend: (Time is in decaauts)
 A = Elapsed time spent in this place.
 B = Non-inter-level travel time spent in this place.
 C = Inter-level travel time spent in this place.
 D = Time resting spent in this place.
 E = Time spent auto-exploring this place.
 F = Levels seen in this place.
 G = Mean time per level.
                   A        B        C        D        E       F      G
               +--------+--------+--------+--------+--------+-----+--------+
         Total |   3492 |   3404 |     88 |    585 |   2229 |   6 |  582.0 |
       Dungeon |   3461 |   3386 |     75 |    585 |   2221 |   5 |  692.2 |
        Temple |     30 |     18 |     12 |      0 |      8 |   1 |   30.0 |
               +--------+--------+--------+--------+--------+-----+--------+

Top non-repeatable levels by time:
     D:4: 871 daAuts
     D:1: 845 daAuts
     D:2: 738 daAuts
     D:3: 646 daAuts
     D:5: 359 daAuts
  Temple: 30 daAuts
